Map: Arctic Dream LE

Players

Zergkiller - Winner!

  • Race: Zerg Zerg
  • League: Gold
  • Spawn Location: 6:00

FluffyTed - Winner!

  • Race: Terran Terran
  • League: Gold
  • Spawn Location: 5:00

Kali

  • Race: Zerg Zerg
  • Spawn Location: 12:00

NItroo

  • Race: Protoss Protoss
  • League: Gold
  • Spawn Location: 11:00

VOD

Have the link to the VOD?

Description

Time

  • Played on: Jan. 24, 2023, 1:53 p.m.
  • Length: 17:47
Show
View Real Time Build Order
Export as new Build Order

Zergkiller Zerg - Winner!

Build Orders: Hatch First, Lurkers 

Get SALT Encoding   

  12  0:01  Drone  
  13  0:37  Overlord  
  13  0:38  Drone  
  14  0:49  Hatchery  
  13  1:40  Drone  
  13  1:41  Drone x2  
  16  1:50  Spawning Pool  
  15  1:59  Drone  
  16  2:12  Drone  
  16  2:15  Drone  
  18  2:29  Drone x3  
  21  2:31  Hatchery  
  20  2:43  Extractor  
  19  2:44  Drone  
  19  2:45  Queen  
  19  2:47  Queen  
  19  2:48  Overlord  
  24  2:53  Drone  
  24  2:54  Extractor, Drone  
  25  3:06  Drone x2  
  25  3:12  Drone x2  
  29  3:18  Drone  
  30  3:22  Drone  
  31  3:40  Drone x2  
  33  3:44  Lair  
  33  3:50  Drone  
  33  3:51  Queen  
  33  3:53  Overlord  
  36  4:00  Metabolic Boost, Roach Warren  
  35  4:03  Zergling x14  
  35  4:05  Overlord  
  42  4:25  Zergling x4  
  42  4:26  Zergling x10  
  49  4:34  Zergling x10  
  49  4:35  Zergling x2  
  55  4:57  Zergling x6  
  55  4:58  Overlord x2  
  58  5:01  Overlord  
  58  5:11  Overseer  
  58  5:13  Pneumatized Carapace  
  58  5:16  Overlord  
  58  5:17  Glial Reconstitution  
  58  5:19  Overlord, Drone x2  
  61  5:21  Drone  
  53  5:45  Spore Crawler  
  52  5:56  Drone x6  
  52  5:57  Drone  
  59  5:58  Drone  
  59  5:59  Drone x4  
  59  6:01  Drone x3  
  59  6:02  Drone x2  
  69  6:10  Hydralisk Den  
  68  6:22  Zergling x6  
  68  6:23  Zergling x8  
  75  6:46  Grooved Spines  
  74  6:49  Drone x4  
  74  6:51  Extractor  
  74  6:53  Extractor  
  76  6:55  Lurker Den  
  75  7:10  Drone x3  
  75  7:12  Extractor  
  75  7:13  Extractor  
  75  7:14  Drone  
  75  7:15  Spore Crawler  
  76  7:19  Spore Crawler  
  76  7:21  Spine Crawler  
  75  7:22  Drone  
  75  7:23  Drone x3  
  75  7:25  Spore Crawler  
  75  7:29  Drone x6  
  83  7:34  Evolution Chamber  
  82  7:39  Evolution Chamber  
  81  7:44  Overlord  
  81  7:56  Infestation Pit  
  81  7:58  Muscular Augments  
  80  7:59  Drone x5  
  85  8:08  Drone  
  86  8:13  Hydralisk x2  
  86  8:14  Hydralisk x7  
  86  8:16  Overseer  
  86  8:18  Drone  
  105  8:21  Spore Crawler  
  104  8:31  Zerg Missile Weapons Level 1  
  104  8:32  Zerg Ground Armor Level 1  
  104  8:35  Hive  
  104  8:43  Lurker  
  57  9:17  Hydralisk x7  
  52  9:18  Hydralisk x8  
  52  9:19  Hydralisk x2  
  83  10:05  Lurker x4  
  83  10:06  Lurker  
  88  10:11  Hatchery  
  87  10:27  Adaptive Talons  
  87  10:45  Extractor  
  87  10:48  Extractor  
  85  11:00  Zerg Missile Weapons Level 2  
  85  11:01  Zerg Ground Armor Level 2  
  85  11:02  Spore Crawler  
  84  11:09  Hatchery  
  83  11:27  Hydralisk x3, Roach x2  
  83  11:28  Hydralisk x2, Roach x2  
  101  11:35  Drone x3  
  101  11:36  Drone x2  
  106  11:40  Overlord x5  
  106  11:58  Queen  
  108  12:25  Hydralisk x2  
  108  12:26  Hydralisk x8  
  108  12:27  Overlord x4  
  73  13:17  Hydralisk x3  
  73  13:18  Hydralisk x9  
  73  13:19  Hydralisk x4  
  103  14:21  Spore Crawler  
  103  14:22  Drone x3  
  103  14:23  Queen  
  107  14:27  Zerg Missile Weapons Level 3  
  107  14:28  Zerg Ground Armor Level 3  
  107  14:33  Spire  
  107  14:36  Spore Crawler  
  107  14:37  Drone x4  
  109  14:42  Queen  
  109  14:44  Drone  
  109  14:45  Drone  
  113  14:48  Spore Crawler  
  113  14:49  Extractor  
  113  14:51  Extractor  
  110  14:56  Seismic Spines  
  110  15:17  Drone x3  
  110  15:20  Lurker x4  
  110  15:21  Lurker x5  
  119  15:23  Overseer  
  119  15:24  Overseer  
  122  16:01  Corruptor x8  
  122  16:02  Corruptor x6  
  122  16:03  Overlord x3  
  122  16:04  Overlord x4  
Show
View Real Time Build Order
Export as new Build Order

FluffyTed Terran - Winner!

Build Orders:  

Get SALT Encoding   

  12  0:00  SCV  
  13  0:12  SCV  
  14  0:18  Supply Depot  
  14  0:25  SCV  
  15  0:36  Refinery  
  15  0:39  SCV  
  16  0:44  Barracks  
  16  0:51  SCV  
  17  1:04  SCV  
  18  1:08  Supply Depot  
  18  1:16  SCV  
  19  1:28  SCV  
  20  1:34  Reaper  
  21  1:41  Orbital Command  
  21  1:55  Command Center  
  21  2:07  Factory  
  21  2:08  Barracks Tech Lab  
  21  2:10  SCV  
  22  2:23  SCV  
  23  2:34  Refinery  
  23  2:35  SCV  
  24  2:47  SCV  
  25  3:08  Barracks Reactor, Starport  
  25  3:17  Orbital Command, SCV  
  26  3:21  Refinery  
  26  3:26  Cyclone  
  29  3:29  SCV  
  30  3:35  Engineering Bay  
  30  3:36  Supply Depot  
  30  3:41  SCV  
  31  3:53  SCV  
  32  3:58  Siege Tank  
  35  4:03  SCV  
  35  4:05  SCV  
  35  4:07  Liberator  
  35  4:08  Refinery  
  40  4:10  Marine  
  40  4:11  Marine  
  40  4:15  SCV  
  43  4:17  Bunker, SCV  
  44  4:28  Marine x2, Missile Turret  
  44  4:29  SCV  
  47  4:44  SCV  
  47  4:45  SCV  
  49  4:52  Command Center  
  49  4:56  SCV  
  49  4:57  SCV  
  51  5:01  Starport Tech Lab  
  51  5:06  Fusion Core  
  51  5:09  SCV x2  
  52  5:16  Command Center  
  52  5:21  SCV  
  53  5:23  Supply Depot  
  53  5:29  Supply Depot  
  53  5:45  Siege Tank  
  56  5:54  Missile Turret  
  56  5:56  Battlecruiser  
  62  5:59  Weapon Refit  
  62  6:01  SCV x2  
  64  6:06  Orbital Command  
  64  6:13  SCV x2  
  64  6:17  Cyclone  
  64  6:18  Missile Turret  
  69  6:19  Supply Depot  
  69  6:25  SCV  
  70  6:43  Starport  
  70  6:48  Armory  
  76  7:15  Battlecruiser  
  76  7:20  Starport Tech Lab  
  76  7:24  Orbital Command  
  76  7:29  SCV x2  
  79  7:30  SCV  
  79  7:31  Refinery  
  79  7:38  Refinery, Terran Ship Weapons Level 1  
  79  7:41  Command Center, SCV  
  79  7:42  SCV  
  79  7:43  Supply Depot  
  81  7:46  Battlecruiser  
  87  8:07  Thor, Missile Turret  
  87  8:11  SCV x3  
  87  8:12  SCV  
  97  8:23  SCV x3  
  97  8:24  SCV  
  97  8:25  Battlecruiser  
  107  8:27  Missile Turret  
  107  8:32  Command Center  
  107  8:35  Factory, SCV  
  108  8:50  Battlecruiser  
  96  9:33  Terran Vehicle And Ship Armor Level 1  
  96  9:37  Battlecruiser  
  99  9:47  Starport x2  
  99  10:00  SCV x3  
  99  10:05  SCV  
  103  10:12  SCV x2  
  105  10:17  Command Center  
  105  10:21  Armory  
  105  10:26  Starport Tech Lab  
  105  10:31  Hellbat x2  
  105  10:32  Planetary Fortress  
  105  10:34  Starport Tech Lab  
  109  10:36  Planetary Fortress  
  109  10:39  Command Center  
  109  10:42  Refinery  
  109  10:52  Hellbat x2  
  109  10:55  Battlecruiser x3  
  131  10:58  Hellbat  
  131  11:03  Refinery  
  133  11:12  Terran Ship Weapons Level 2  
  133  11:14  Hellbat x2  
  137  11:20  Hellbat  
  137  11:22  Refinery  
  139  11:26  Command Center  
  139  11:29  Missile Turret  
  139  11:34  Planetary Fortress  
  139  11:35  Hellbat x2  
  139  11:36  Missile Turret  
  139  11:37  Command Center  
  143  11:50  Missile Turret  
  143  11:52  SCV x2  
  145  11:56  Hellbat  
  145  11:57  Hellbat, Missile Turret  
  145  11:59  Battlecruiser  
  155  12:01  Thor  
  155  12:04  Battlecruiser x2  
  173  12:13  Missile Turret  
  173  12:18  Hellbat  
  169  12:30  Hellbat  
  165  12:56  Battlecruiser  
  173  12:58  Hellbat  
  173  13:03  Battlecruiser  
  173  13:05  Orbital Command  
  179  13:07  Refinery  
  179  13:13  Orbital Command  
  179  13:16  Battlecruiser  
  179  13:19  Thor, Terran Vehicle And Ship Armor Level 2  
  191  13:21  Refinery  
  191  13:22  Hellbat  
  191  13:23  Hellbat  
  188  13:44  Hellbat x2  
  188  14:00  Orbital Command  
  188  14:04  Hyperflight Rotors  
  188  14:05  Hellbat  
  188  14:07  Command Center  
  188  14:08  Supply Depot  
  190  14:12  Command Center  
  190  14:13  Hellbat  
  190  14:14  Thor  
  186  14:17  Terran Ship Weapons Level 3  
  186  14:21  Cloaking Field  
  186  14:26  Hellbat  
  186  14:28  Advanced Ballistics  
  186  14:30  Battlecruiser  
  194  14:34  Hellbat  
  196  15:06  Command Center  
  196  15:10  Command Center  
  196  15:47  Rapid Reignition System  
  195  15:59  Command Center  
  195  16:01  Planetary Fortress  
  195  16:02  Planetary Fortress  
  192  16:05  Missile Turret x2  
  192  16:06  Command Center, Refinery  
  190  16:24  Battlecruiser  
  190  16:25  Battlecruiser x2  
  198  16:27  Missile Turret x2  
  198  16:32  Command Center  
  196  16:49  Missile Turret  
  182  17:46  Command Center  
Show
View Real Time Build Order
Export as new Build Order

Kali Zerg 

Build Orders: Pool First 

Get SALT Encoding   

  12  0:08  Drone  
  13  0:14  Overlord  
  13  0:37  Drone, Spawning Pool  
  13  0:39  Drone  
  13  0:42  Drone  
  15  1:05  Drone x2  
  17  1:15  Hatchery  
  16  1:22  Drone  
  16  1:23  Drone  
  16  1:24  Extractor  
  17  1:28  Extractor  
  16  1:43  Drone  
  16  1:44  Roach Warren  
  16  1:51  Drone  
  17  2:03  Drone  
  17  2:04  Drone  
  19  2:11  Queen  
  21  2:22  Overlord  
  21  2:28  Drone  
  22  2:42  Roach  
  22  2:43  Roach x2  
  27  2:56  Roach x2  
  31  3:10  Lair  
  31  3:13  Drone x3  
  34  3:24  Queen  
  36  3:32  Overlord  
  36  3:51  Drone x3  
  36  3:52  Drone  
  36  3:53  Drone  
  36  3:54  Drone  
  42  4:12  Overlord, Roach  
  42  4:13  Overlord x2  
  44  4:25  Glial Reconstitution  
  44  4:34  Drone  
  44  4:35  Drone x4  
  44  4:36  Drone  
  50  4:40  Drone  
  50  4:43  Roach x2  
  55  4:59  Drone x4  
  59  5:00  Drone  
  59  5:03  Extractor  
  59  5:05  Extractor, Roach x3  
  64  5:17  Infestation Pit, Drone  
  64  5:21  Overlord x2  
  64  5:22  Overlord  
  64  5:50  Drone x3  
  64  5:53  Drone x3  
  70  5:57  Roach x2  
  70  6:03  Hive  
  74  6:12  Evolution Chamber  
  74  6:13  Evolution Chamber  
  74  6:18  Roach x5  
  80  6:19  Roach  
  84  6:35  Drone x2  
  90  6:40  Roach x3  
  92  6:52  Overlord  
  92  6:53  Overlord x3  
  92  7:17  Roach x2  
  92  7:20  Roach x3  
  92  7:21  Roach  
  104  7:36  Ravager  
  104  7:37  Ravager x5  
  106  7:39  Roach x6  
  106  7:40  Roach  
  124  7:46  Overlord x2  
  124  8:09  Extractor, Hatchery  
  124  8:12  Ravager x2  
  123  8:13  Ravager  
  123  8:15  Ravager x2  
  123  8:16  Ravager  
  128  8:31  Roach x6  
  128  8:34  Overlord x6  
  140  8:35  Overlord  
  112  9:13  Roach x2  
  112  9:14  Roach x5  
  73  9:56  Roach  
  73  9:57  Roach x5  
  82  10:06  Drone x3  
  85  10:34  Spire  
  84  10:56  Drone x2  
  84  10:57  Drone x5  
  87  10:58  Drone x3  
  87  11:03  Extractor  
  93  11:20  Spine Crawler  
  93  11:22  Spore Crawler  
  93  11:23  Queen  
  93  11:30  Roach x2  
  93  11:31  Roach x6  
  93  11:32  Roach x7  
  123  11:33  Roach x2  
  127  11:54  Overlord x6  
  127  11:55  Overlord x2  
  123  12:26  Mutalisk x6  
  123  12:27  Mutalisk x5  
  89  13:07  Roach x5  
  89  13:08  Roach x2  
  90  13:40  Roach x4  
  90  13:41  Roach x3  
  82  14:00  Spire  
  79  14:03  Spire  
  76  14:12  Drone x4  
  76  14:13  Drone  
  81  14:31  Ultralisk Cavern  
  80  14:37  Drone x3  
  83  14:40  Drone x3  
  83  14:41  Drone x3  
  83  14:42  Queen  
  91  15:06  Queen  
  93  15:10  Drone x5  
  93  15:11  Drone  
  99  15:16  Mutalisk x3  
  99  15:17  Mutalisk x3  
  111  15:28  Chitinous Plating  
  111  15:31  Ultralisk x3  
  127  15:48  Corruptor  
  129  15:51  Overlord x2  
  129  15:52  Overlord x3  
  129  15:53  Overlord x2  
  84  16:25  Corruptor x4  
  56  16:26  Corruptor x5  
  66  16:42  Mutalisk  
  16  17:17  Spawning Pool  
Show
View Real Time Build Order
Export as new Build Order

NItroo Protoss 

Build Orders: 1 Gate Expand, Dark Templar Rush 

Get SALT Encoding   

  12  0:05  Probe (Chrono Boost)  
  13  0:13  Probe (Chrono Boost)  
  14  0:27  Pylon  
  14  0:29  Probe  
  15  0:45  Probe  
  15  0:46  Gateway  
  17  0:57  Probe  
  17  1:09  Probe  
  18  1:16  Nexus  
  18  1:35  Cybernetics Core  
  18  1:42  Zealot  
  18  1:43  Assimilator  
  20  1:47  Assimilator, Probe (Chrono Boost)  
  21  1:57  Gateway, Probe (Chrono Boost)  
  22  2:02  Probe (Chrono Boost)  
  23  2:19  Pylon  
  23  2:24  Warp Gate  
  23  2:26  Probe  
  23  2:29  Probe  
  25  2:39  Probe, Twilight Council  
  25  2:41  Probe  
  27  2:50  Shield Battery  
  27  2:51  Probe  
  28  2:53  Probe  
  28  2:58  Stalker  
  31  3:06  Probe  
  31  3:08  Probe  
  33  3:15  Charge (Chrono Boost)  
  33  3:16  Shield Battery  
  33  3:18  Probe  
  34  3:26  Robotics Facility  
  34  3:28  Probe  
  35  3:36  Probe  
  35  3:37  Pylon  
  35  3:40  Probe  
  37  3:49  Assimilator  
  37  3:53  Assimilator  
  37  3:55  Dark Shrine  
  37  4:01  Gateway  
  37  4:09  Pylon  
  37  4:10  Warp Prism (Chrono Boost)  
  39  4:23  Gateway  
  39  4:29  Gateway  
  39  4:37  Shield Battery  
  39  4:43  Observer  
  40  4:53  Pylon  
  40  4:54  Stalker  
  42  5:23  Dark Templar x3  
  42  5:25  Zealot  
  42  5:52  Probe  
  42  5:55  Probe  
  44  6:04  Probe  
  44  6:07  Probe, Robotics Bay  
  44  6:09  Immortal  
  50  6:17  Forge  
  50  6:19  Forge  
  50  6:23  Probe  
  50  6:24  Probe  
  52  6:38  Probe (Chrono Boost)  
  54  6:40  Probe (Chrono Boost)  
  55  6:48  Probe (Chrono Boost)  
  55  6:50  Probe (Chrono Boost)  
  55  6:52  Protoss Ground Weapons Level 1  
  55  6:53  Protoss Ground Armor Level 1, Disruptor (Chrono Boost)  
  56  7:00  Probe  
  60  7:07  Pylon  
  60  7:18  Blink (Chrono Boost)  
  60  7:20  Probe  
  59  7:23  Colossus (Chrono Boost)  
  65  7:32  Stalker x2  
  65  7:35  Zealot x3  
  75  7:46  Extended Thermal Lance  
  75  7:50  Probe  
  76  7:52  Probe  
  77  8:06  Pylon  
  77  8:09  Pylon  
  77  8:12  Pylon  
  77  8:15  Pylon  
  77  8:18  Pylon  
  77  8:26  Colossus  
  82  8:37  Stalker  
  82  8:38  Stalker x4  
  60  9:45  Stalker x4  
  63  9:46  Protoss Ground Weapons Level 2 (Chrono Boost), Stalker  
  63  9:47  Protoss Ground Armor Level 2 (Chrono Boost)  
  63  9:52  Probe x2  
  69  10:01  Gateway  
  69  10:02  Gateway  
  69  10:04  Probe x2  
  67  10:14  Gateway x2  
  67  10:16  Gateway  
  67  10:20  Nexus  
  67  10:22  Pylon  
  67  10:25  Pylon  
  67  10:29  Assimilator  
  67  10:33  Assimilator, Stalker  
  67  10:34  Stalker x4  
  77  10:44  Colossus (Chrono Boost)  
  83  10:52  Probe x2  
  85  10:57  Gravitic Boosters  
  85  11:10  Photon Cannon  
  85  11:12  Photon Cannon  
  85  11:15  Photon Cannon  
  85  11:18  Probe  
  85  11:19  Probe  
  85  11:20  Photon Cannon  
  85  11:21  Shield Battery, Stalker  
  85  11:22  Stalker x3  
  85  11:24  Shield Battery  
  95  11:27  Shield Battery  
  95  11:30  Probe  
  95  11:31  Probe, Observer  
  98  11:43  Probe x2  
  98  11:45  Stalker  
  98  11:46  Stalker x4  
  110  11:52  Observer  
  111  12:00  Protoss Shields Level 1 (Chrono Boost)  
  89  12:47  Stalker x4  
  89  12:48  Stalker x4  
  89  12:49  Stalker  
  78  13:12  Stalker x4  
  86  13:13  Stalker x5  
  92  13:41  Stalker x4  
  94  13:42  Stalker x4  
  94  13:43  Stalker  
  110  13:50  Probe (Chrono Boost)  
  110  13:52  Probe (Chrono Boost)  
  110  13:53  Probe (Chrono Boost)  
  113  13:57  Protoss Shields Level 2 (Chrono Boost), Protoss Ground Armor Level 3 (Chrono Boost)  
  116  14:03  Probe (Chrono Boost)  
  116  14:07  Probe x2 (Chrono Boost)  
  110  14:14  Probe  
  109  14:19  Stalker  
  109  14:20  Stalker x5  
  121  14:37  Disruptor (Chrono Boost)  
  124  15:06  Disruptor  
  127  15:15  Nexus  
  127  15:19  Pylon  
  127  15:42  Assimilator, Observer  
  128  15:47  Assimilator  
  128  15:50  Photon Cannon  
  128  15:51  Dark Templar x4  
  128  15:52  Photon Cannon  
  128  15:55  Photon Cannon  
  136  15:57  Photon Cannon  
  136  16:04  Observer  
  137  16:08  Stalker x3  
  137  16:09  Stalker x2  
  138  16:40  Stalker x5  
  77  17:32  Dark Templar x2  
  77  17:33  Dark Templar x4  
Tags
 
Add a new tag
Caveats
  • Supply blocks, unpowered buildings, or Contaminate may cause inaccurate times.
  • Supply counts are checked every 10 seconds.